 Dungeon Crawl Stone Soup version 0.22.1-1-ga44c0e5 (webtiles) character file.

183 aMcNicky the Chopper (level 5, -2/45 HPs)
             Began as a Minotaur Fighter on Sept 22, 2018.
             Killed by divine providence
             ... invoked by an orc priest
              (12 damage)
             ... on level 3 of the Dungeon.
             The game lasted 00:03:45 (2170 turns).

aMcNicky the Chopper (Minotaur Fighter)             Turns: 2170, Time: 00:03:45

Health: -2/45      AC:  8    Str: 26    XL:     5   Next: 35%
Magic:  4/4        EV:  8    Int:  5    God:
Gold:   81         SH:  0    Dex: 10    Spells: 4/4 levels left

rFire    . . .     SeeInvis .   a - +0 war axe
rCold    . . .     Gourm    .   c - +0 shield
rNeg     . . .     Faith    .   b - +0 scale mail
rPois    .         Spirit   .   (helmet restricted)
rElec    .         Reflect  .   p - +0 cloak
rCorr    .         Harm     .   (no gloves)
MR       .....                  (no boots)
Stlth    ..........             (no amulet)
HPRegen  0.15/turn              (no ring)
MPRegen  0.09/turn              (no ring)

@: confused, mighty
A: retaliatory headbutt, horns 2
a: no special abilities


You were on level 3 of the Dungeon.
You were not hungry.

You visited 1 branch of the dungeon, and saw 3 of its levels.

You collected 81 gold pieces.

Inventory:

Hand Weapons
 a - a +0 war axe (weapon)
Armour
 b - a +0 scale mail (worn)
 c - a +0 shield (worn)
 p - a +0 cloak (worn)
Jewellery
 i - an uncursed ring of fire {unknown}
 k - an uncursed ring of wizardry {unknown}
 q - a +4 ring of evasion {unknown}
Scrolls
 h - a scroll of remove curse {unknown}
 j - a scroll of random uselessness {unknown}
 l - a scroll of magic mapping {unknown}
 n - 2 scrolls of identify {unknown}
 o - a scroll of immolation {unknown}
Potions
 e - 3 potions of curing {unknown}
 g - a potion of magic {unknown}
 m - a potion of haste {unknown}
Comestibles
 f - 7 rations
 r - 6 chunks of flesh


   Skills:
 - Level 3.6 Fighting
 * Level 5.8 Axes
 - Level 3.6 Armour
 + Level 5.1 Shields


You had 4 spell levels left.
You didn't know any spells.
Your spell library was empty.

Dungeon Overview and Level Annotations

Branches:
Dungeon (3/15)

Altars:
Hepliaklqana
Kikubaaqudgha
Uskayaw

Annotations:
D:2 2 transporters


Innate Abilities, Weirdness & Mutations

You reflexively headbutt those who attack you in melee.
You have a pair of horns on your head.


Message History

A puff of flame appears from out of thin air!
The puff of flame hits you! Something hits you but does no damage.
You bump into the rock wall.
You feel less confused. Something hits you but does no damage.
You miss something. Something hits you.
* * * LOW HITPOINT WARNING * * *
You miss something.
You hear some strange, mumbled words.
You are confused.
You bump into the rock wall.
Something hits you but does no damage.
You barely miss something. Your headbutt misses something. Something hits you.
* * * LOW HITPOINT WARNING * * *
You're too confused to move!
Something hits you but does no damage.
You bump into the rock wall.
Something hits you but does no damage.
The orc priest invokes the aid of Beogh against you.
You completely miss something. Something hits you but does no damage.
The orc priest invokes the aid of Beogh against you.
Beogh smites you!
You die...

### #.. ######### #..
#.......#######..
#.#####.#........
#.#####..###.....
#####.##.....# #.....
#.o{@.##.##..###.##..
#.###.......#...###..
#. ############# #.>
#. ### #o .8## #.
..####### #. ._#....#
## ##....# #....#


You could see an orc priest.

Vanquished Creatures
  Jessica (D:3)
  A worker ant (D:2)
  Robin (D:3)
  A gnoll (D:1)
  3 adders
  An ooze (D:1)
  3 dart slugs
  2 orcs (D:3)
  A ball python (D:2)
  A bat zombie (D:2)
  2 giant cockroaches
  14 goblins
  7 hobgoblins
  15 kobolds
  5 bats
  8 frilled lizards
  8 rats
  A rat zombie (D:2)
75 creatures vanquished.

Notes
Turn   | Place    | Note
-------+----------+-------------------------------------------
     0 | D:1      | aMcNicky the Minotaur Fighter began the quest for the Orb.
     0 | D:1      | Reached XP level 1. HP: 19/19 MP: 0/0
   199 | D:1      | Reached XP level 2. HP: 26/26 MP: 1/1
   632 | D:1      | Reached XP level 3. HP: 30/31 MP: 2/2
   887 | D:2      | Found a transporter.
   896 | D:2      | Found a transporter.
   905 | D:2      | Reached XP level 4. HP: 38/39 MP: 3/3
   924 | D:2      | Noticed a centaur
  1168 | D:2      | Found an ancient bone altar of Kikubaaqudgha.
  1207 | D:2      | Found a hazy altar of Hepliaklqana.
  1518 | D:3      | Noticed Robin
  1528 | D:3      | Reached skill level 5 in Axes
  1535 | D:3      | Killed Robin
  1832 | D:3      | Reached XP level 5. HP: 45/45 MP: 4/4
  1832 | D:3      | Noticed Jessica
  1843 | D:3      | Killed Jessica
  1843 | D:3      | Reached skill level 5 in Shields
  2069 | D:3      | Found a hide-covered altar of Uskayaw.
  2170 | D:3      | Killed from afar by an orc priest

Skill      XL: |  1  2  3  4  5 |
---------------+----------------+-----
Axes           | 3 4 5 |  5.8
Shields        | 4 5 |  5.1
Fighting       | |  3.6
Armour         | |  3.6

Action                   |  1- 3 |  4- 6 || total
-------------------------+-------+-------++-------
Melee: War axe           |    54 |   118 ||   172
       Headbutt          |     4 |    11 ||    15
  Use: Potion            |       |     1 ||     1
  Eat: Chunk             |       |     4 ||     4
Armor: Scale mail        |    24 |    71 ||    95
Dodge: Dodged            |    11 |    36 ||    47
Block: Shield            |    26 |    63 ||    89
